 Dungeon Crawl Stone Soup version 0.28-a0-664-gc179e30c89 (webtiles) character file.

Game seed: 16630263696553527664

126 cheechan the Cudgeller (level 4, -1/39 HPs)
             Began as a Palentonga Berserker on Oct 15, 2021.
             Was a Believer of Trog.
             Slain by a hobgoblin (2 damage)
             ... on level 2 of the Dungeon.
             The game lasted 00:07:34 (1192 turns).

cheechan the Cudgeller (Palentonga Berserker)       Turns: 1192, Time: 00:07:34

Health: -1/39      AC:  7    Str: 21    XL:     4   Next: 84%
Magic:  4/4        EV:  9    Int:  7    God:    Trog [**....]
Gold:   36         SH:  0    Dex: 10    Spells: 3/3 levels left

rFire   . . .      SeeInvis +   a - +0 mace
rCold   . . .      Faith    .   (no shield)
rNeg    . . .      Spirit   .   e - +1 ring mail
rPois   .          Reflect  .   (no helmet)
rElec   .          Harm     .   (no cloak)
rCorr   .          Rampage  .   (no gloves)
Will    .....                   (no barding)
Stlth   ..........              (no amulet)
HPRegen 0.13/turn               (no ring)
MPRegen 0.09/turn               (no ring)

@: no status effects
A: large, rugged brown scales 3, see invisible, deformed body, roll 1, armoured
tail
a: Rolling Charge, Renounce Religion, Berserk, Trog's Hand


You were on level 2 of the Dungeon.
You worshipped Trog.
Trog was pleased with you.
You visited 1 branch of the dungeon, and saw 2 of its levels.

You collected 36 gold pieces.

Inventory:

Hand Weapons
 a - a +0 mace (weapon)
 g - a +0 whip
Missiles
 c - 41 stones
 d - 14 bolts
 f - 11 arrows
Armour
 b - a +0 animal skin
 e - a +1 ring mail (worn)


   Skills:
 + Level 3.8 Fighting
 + Level 4.3 Maces & Flails
 + Level 2.2 Armour
 + Level 2.0 Dodging


You had 3 spell levels left.
You didn't know any spells.
Your spell library was empty.

Dungeon Overview and Level Annotations

Branches:
Dungeon (2/15)

Altars:


Innate Abilities, Weirdness & Mutations

You are completely covered in rugged brown scales. (AC +3, +7% HP)
You have supernaturally acute eyesight. (SInv)
Armour fits poorly on your strangely shaped body.
You can roll at nearby foes to attack.
You have a long armoured tail.


Message History

You feel stronger.
You sock the bat!
You kill the bat!
Trog accepts your kill.
You are no longer berserk.
You are exhausted.
You feel yourself slow down.
You start resting.
A kobold comes into view. It is wielding a +0 club.
A kobold is nearby!
A kobold is nearby!
There's nothing you can charge at!
You start resting.
A quokka comes into view.
There's nothing you can charge at!
You feel yourself speed up. The quokka bites you.
* * * LOW HITPOINT WARNING * * *
The quokka closely misses you.
You thump the quokka!
You kill the quokka!
Trog accepts your kill.
You start resting.
You recover from your berserk rage.
You start resting.
A hobgoblin comes into view. It is wielding a +0 war axe.
The hobgoblin shouts!
You hear a shout!
Your ring mail prevents you from hitting the hobgoblin.
The hobgoblin hits you with a +0 war axe.
* * * LOW HITPOINT WARNING * * *
You hit the hobgoblin but do no damage.
The hobgoblin hits you with a +0 war axe!
* * * LOW HITPOINT WARNING * * *
The hobgoblin barely misses you.
You aren't carrying any potions.
As you read the scroll labelled BELYUDW EPAIMYPSA, it crumbles to dust.
It is a scroll of enchant armour.
Your +0 ring mail glows green for a moment.
The hobgoblin hits you with a +0 war axe.
You die...

#.##.. .. #...#.
.#.#.###### #$#... .
..<....<# #...#.#.
>#####..#
##......########..######
.........##....)........
......)...).........####
###.###g.##..###.#.#.#
#@.##..###..###.#
#...K..<...## #..
#.###..#.##.# ## #.#
#..#.# #.J #.........
.... #####..#.## .###
#.....# .# ........ #
####...#.#


You could see a hobgoblin and a kobold.

Vanquished Creatures
  An ogre (D:2)
  2 dart slugs (D:1)
  3 bats
  2 endoplasms
  4 goblins
  3 hobgoblins (D:1)
  7 jackals (D:1)
  2 quokkas
  4 ball pythons
  A frilled lizard (D:1)
  4 kobolds (D:1)
  5 rats (D:1)
38 creatures vanquished.

Notes
Turn   | Place    | Note
-------+----------+-------------------------------------------
     0 | D:1      | cheechan the Palentonga Berserker began the quest for the
                  | Orb.
     0 | D:1      | Reached XP level 1. HP: 19/19 MP: 1/1
   228 | D:1      | Reached XP level 2. HP: 22/25 MP: 2/2
   733 | D:1      | Reached XP level 3. HP: 24/31 MP: 3/3
   893 | D:1      | Reached ** piety under Trog
  1123 | D:2      | Noticed an ogre
  1132 | D:2      | Killed an ogre
  1133 | D:2      | Reached skill level 4 in Maces & Flails
  1133 | D:2      | Reached XP level 4. HP: 9/39 MP: 4/4
  1191 | D:2      | HP: 1/39 [hobgoblin (7)]
  1192 | D:2      | Slain by a hobgoblin

Illustrated notes

Levels and vault maps discovered:
D:1:      heliophobic_arrival_battle_scene, layout_basic
D:2:      layout_loops_ring, st_stairs_8

Skill      XL: |  1  2  3 |
---------------+----------+-----
Maces & Flails | 4 |  4.3
Armour         | 2 |  2.2
Dodging        | 2 |  2.0
Fighting       | |  3.8

Action                   |  1- 3 |  4- 6 || total
-------------------------+-------+-------++-------
Melee: Mace              |    88 |     4 ||    92
       Tailslap          |     4 |       ||     4
Invok: Berserk           |     1 |       ||     1
 Abil: Rolling Charge    |     9 |       ||     9
  Use: Scroll            |       |     1 ||     1
Armor: Ring mail         |    62 |       ||    62
       Animal skin       |     2 |       ||     2
Dodge: Dodged            |    30 |     2 ||    32

Table legend: (Time is in decaauts)
 A = Elapsed time spent in this place.
 B = Non-inter-level travel time spent in this place.
 C = Inter-level travel time spent in this place.
 D = Time resting spent in this place.
 E = Time spent auto-exploring this place.
 F = Levels seen in this place.
 G = Mean time per level.
                   A        B        C        D        E       F      G
               +--------+--------+--------+--------+--------+-----+--------+
         Total |   1220 |   1220 |      0 |    400 |      0 |   2 |  610.0 |
       Dungeon |   1220 |   1220 |      0 |    400 |      0 |   2 |  610.0 |
               +--------+--------+--------+--------+--------+-----+--------+

Top non-repeatable levels by time:
     D:1: 1105 daAuts
     D:2: 115 daAuts
